 Dungeon Crawl Stone Soup version 0.29-a0-284-gf9362112df (webtiles) character file.

Game seed: 5879890088092336358

960 silky the Cudgeller (level 7, -14/56 HPs)
             Began as a Minotaur Chaos Knight on Mar 31, 2022.
             Was a Plaything of Xom.
             Demolished by an ogre
             ... wielding a +0 giant club
              (15 damage)
             ... on level 5 of the Dungeon.
             The game lasted 00:13:26 (4883 turns).

silky the Cudgeller (Minotaur Chaos Knight)         Turns: 4883, Time: 00:13:26

Health: -14/56     AC:  9    Str: 18      XL:     7   Next: 92%
Magic:  0/15       EV:  9    Int:  5      God:    Xom [......]
Gold:   195        SH:  7    Dex:  8 (10) Spells: 6/6 levels left

rFire   + . .      SeeInvis .   i - +4 short sword
rCold   . . .      Faith    .   d - +0 kite shield
rNeg    . . .      Spirit   +   g - +2 ring mail {rF+}
rPois   .          Reflect  .   (helmet restricted)
rElec   .          Harm     .   q - +0 cloak
rCorr   .          Rampage  .   (no gloves)
Will    .....                   (no boots)
Stlth   +.........              l - amulet of guardian spirit
HPRegen 0.18/turn               h - ring of wizardry
MPRegen 0.14/turn               n - ring of magical power

@: mighty
A: horns 2, retaliatory headbutt, dopey 2, frail 1
a: Renounce Religion


You were on level 5 of the Dungeon.
You worshipped Xom.
You were a very special plaything of Xom.
You visited 1 branch of the dungeon, and saw 5 of its levels.

You collected 195 gold pieces.

Inventory:

Hand Weapons
 a - a +0 mace of chaos
 i - a +4 short sword (weapon)
Missiles
 o - 3 silver boomerangs
Armour
 b - a +2 leather armour
 d - a +0 kite shield (worn)
 g - a +2 ring mail of fire resistance (worn)
 q - a +0 cloak (worn)
Magical Staves
 r - a staff of air
Jewellery
 h - a ring of wizardry (left hand)
 l - an amulet of guardian spirit (around neck)
 n - a ring of magical power (right hand)
Wands
 w - a wand of paralysis (6)
Scrolls
 f - a scroll of amnesia {unknown}
 k - a scroll of immolation {unknown}
 p - a scroll of enchant armour {unknown}
 t - 2 scrolls of vulnerability {unknown}
Potions
 e - a potion of lignification {unknown}
 j - a potion of haste {unknown}
 m - a potion of cancellation {unknown}
 s - a potion of might
 u - a potion of invisibility {unknown}
 v - a potion of brilliance {unknown}
Miscellaneous
 c - a piece from Xom's chessboard (2/15) (quivered)


   Skills:
 + Level 6.3 Fighting
 * Level 1.5 Short Blades
 + Level 7.3 Maces & Flails
 + Level 3.9 Armour
 + Level 2.9 Dodging
 + Level 1.6 Stealth
 + Level 3.0 Shields
 + Level 1.9 Evocations


You had 6 spell levels left.
You didn't know any spells.
Your spell library was empty.

Dungeon Overview and Level Annotations

Branches:
Dungeon (5/15)             Temple (0/1) D:4

Altars:

Shops:
D:1 !   D:4 :!


Innate Abilities, Weirdness & Mutations

You have a pair of horns on your head.
You reflexively headbutt those who attack you in melee.
You are very dopey. (Int -4)
You are frail. (-10% HP)


Message History

The ogre shouts!
You continue putting on your +2 ring mail of fire resistance. x2
The ogre hits you with a +0 giant club!
You finish putting on your +2 ring mail of fire resistance.
You feel resistant to fire.
You hit the ogre.
The ogre is lightly wounded.
You block the ogre's attack.
You hit the ogre.
The ogre is lightly wounded.
The ogre completely misses you.
You hit the ogre but do no damage. You headbutt the ogre.
The ogre is moderately wounded.
The ogre hits you with a +0 giant club!!
You hit the ogre but do no damage.
The ogre is lightly wounded.
You puncture the ogre!
The ogre is heavily wounded.
The ogre closely misses you.
You hit the ogre. You headbutt the ogre.
The ogre is severely wounded.
The ogre barely misses you.
You barely miss the ogre.
The ogre is severely wounded.
The ogre hits you with a +0 giant club!
* * * LOW HITPOINT WARNING * * *
You hit the ogre.
The ogre is almost dead.
You hear the quick rusting of a drain nearby.
You hit the ogre.
You headbutt the ogre, but do no damage.
The ogre is almost dead.
The ogre hits you with a +0 giant club!!
* * * LOW HITPOINT WARNING * * *
It was a potion of might.
You feel very mighty all of a sudden.
Xom roars with laughter!
The ogre hits you with a +0 giant club!
You die...
Xom laughs nastily!

### #.. # #.# .#
#.# ##.# #.# ..#
##<#######. ##.#
........... ##@#
##.######## ###O##
#.# #...# ##.##
#.#.#
#...#########.##.#
#.............#
#.#
#...###########
#.. ##### ###


You could see an ogre.

Vanquished Creatures
  Sigmund (D:2)
  An acid dragon (shapeshifter) (D:4)
  A black bear (D:3)
  2 ogres
  A phantom (D:4)
  A bullfrog (D:4)
  A scorpion (D:4)
  A hound (D:4)
  An orc priest (D:4)
  A jelly (D:5)
  4 adders
  A shadow imp (D:3)
  A white imp (D:5)
  A worm (D:2)
  10 orcs
  3 ball pythons
  4 bats
  7 endoplasms
  2 giant cockroaches
  5 goblins
  7 hobgoblins
  2 jackals (D:5)
  A quokka (D:3)
  2 frilled lizards (D:3)
  9 kobolds
  A rat (D:1)
71 creatures vanquished.

Vanquished Creatures (others)
  14 plants
14 creatures vanquished.

Grand Total: 85 creatures vanquished

Notes
Turn   | Place    | Note
-------+----------+-------------------------------------------
     0 | D:1      | silky the Minotaur Chaos Knight began the quest for the
                  | Orb.
     0 | D:1      | Reached XP level 1. HP: 19/19 MP: 0/0
    26 | D:1      | Found Xaapp's Distillery.
   444 | D:1      | Reached skill level 4 in Maces & Flails
   444 | D:1      | Reached XP level 2. HP: 27/27 MP: 1/1
   822 | D:1      | XOM: cloud trail
   901 | D:1      | You fall into a shaft and drop 1 floor!
   965 | D:2      | Noticed Sigmund
   983 | D:2      | Killed Sigmund
   984 | D:2      | Reached skill level 5 in Fighting
   984 | D:2      | Reached skill level 5 in Maces & Flails
   984 | D:2      | Reached skill level 1 in Shields
   984 | D:2      | Reached XP level 3. HP: 28/36 MP: 2/2
   984 | D:2      | Reached XP level 4. HP: 33/42 MP: 3/3
   984 | D:2      | Reached XP level 5. HP: 38/48 MP: 4/4
  1851 | D:2      | XOM: torment (27/48 hp)
  2313 | D:3      | Found a faded altar of an unknown god.
  2455 | D:3      | XOM: silly message
  2547 | D:3      | Noticed a black bear
  2565 | D:3      | Killed a black bear
  2566 | D:3      | Reached skill level 6 in Maces & Flails
  2566 | D:3      | Reached skill level 1 in Stealth
  2566 | D:3      | Reached XP level 6. HP: 28/56 MP: 5/5
  2875 | D:3      | XOM: give mutations
  2875 | D:3      | Gained mutation: You are dopey. (Int -2) [Xom's mischief]
  2875 | D:3      | Gained mutation: You are very dopey. (Int -4) [Xom's
                  | mischief]
  2875 | D:3      | Gained mutation: You are frail. (-10% HP) [Xom's mischief]
  3143 | D:4      | XOM: smoke on damage
  3145 | D:4      | Reached skill level 1 in Evocations
  3390 | D:4      | XOM: summons 4 hostile demons
  3391 | D:4      | Noticed a rust devil
  3410 | D:4      | Reached XP level 7. HP: 50/55 MP: 6/6
  3437 | D:4      | Found a staircase to the Ecumenical Temple.
  3451 | D:4      | XOM: stat loss: -1 Str (17/18)
  3480 | D:4      | XOM: 2-stop teleportation journey
  3605 | D:4      | Noticed a glowing shapeshifter
  3605 | D:4      | an orc changed into a glowing shapeshifter
  3605 | D:4      | Noticed a glowing orange brain
  3605 | D:4      | a glowing shapeshifter changed into a glowing orange brain
  3616 | D:4      | Noticed a manticore
  3616 | D:4      | a glowing orange brain changed into a manticore
  3618 | D:4      | Noticed a tarantella
  3618 | D:4      | a manticore changed into a tarantella
  3619 | D:4      | a tarantella changed into something unseen
  3627 | D:4      | XOM: confusion
  3946 | D:4      | XOM: draining
  4003 | D:4      | Reached skill level 7 in Maces & Flails
  4137 | D:4      | Found Fadamour's Distillery.
  4151 | D:4      | XOM: swap monsters
  4399 | D:4      | Found Lewkudaj's Book Shoppe.
  4437 | D:5      | Entered Level 5 of the Dungeon
  4462 | D:5      | Reached skill level 1 in Short Blades
  4474 | D:5      | XOM: butterfly on damage
  4754 | D:5      | XOM: summons 2 hostile demons
  4755 | D:5      | Noticed a sun demon
  4882 | D:5      | HP: 1/56 [ogre/+0 giant club (14)]
  4883 | D:5      | Demolished by an ogre

Illustrated notes

Levels and vault maps discovered:
D:1:      tarquinn_simple_flora_water_a, layout_loops_corners, serial_shops,
          nicolae_shop_window_shopping
D:2:      layout_basic, uniq_sigmund
D:3:      layout_basic, hellmonk_ecumenical_altar_inner_sanctum,
          serial_bayou_lagoon_a
D:4:      layout_cave_pools, temple_fountains, serial_shops, kennysheep_mini,
          nicolae_shop_statue_plus, st_stairs_3
D:5:      layout_loops_ring, fedhas_ov_isle_minmay, lightli_sewer_entry_pipes

Skill      XL: |  1  2  3  4  5  6  7 |
---------------+----------------------+-----
Maces & Flails | 4 5 6 7 |  7.3
Fighting       | 5 6 |  6.3
Armour         | 3 |  3.9
Shields        | 1 2 3 |  3.0
Stealth        | 1 |  1.6
Dodging        | 2 |  2.9
Evocations     | 1 |  1.9
Short Blades   | 1 |  1.5

Action                   |  1- 3 |  4- 6 |  7- 9 || total
-------------------------+-------+-------+-------++-------
Melee: Mace              |    36 |    74 |    28 ||   138
       Headbutt          |     7 |     8 |    16 ||    31
       Short sword       |       |       |    73 ||    73
Evoke: Piece from Xom's  |     3 |    19 |     3 ||    25
  Use: Scroll            |       |     1 |     4 ||     5
       Potion            |       |       |     3 ||     3
 Stab: Paralysed         |       |     1 |       ||     1
Armor: Leather armour    |    11 |    24 |    36 ||    71
Dodge: Dodged            |    19 |    25 |    57 ||   101
Block: Kite shield       |    12 |    29 |    54 ||    95

Table legend: (Time is in decaauts)
 A = Elapsed time spent in this place.
 B = Non-inter-level travel time spent in this place.
 C = Inter-level travel time spent in this place.
 D = Time resting spent in this place.
 E = Time spent auto-exploring this place.
 F = Levels seen in this place.
 G = Mean time per level.
                   A        B        C        D        E       F      G
               +--------+--------+--------+--------+--------+-----+--------+
         Total |   4952 |   4893 |     59 |    682 |   3224 |   5 |  990.4 |
       Dungeon |   4952 |   4893 |     59 |    682 |   3224 |   5 |  990.4 |
               +--------+--------+--------+--------+--------+-----+--------+

Top non-repeatable levels by time:
     D:4: 1324 daAuts
     D:2: 1130 daAuts
     D:1: 1110 daAuts
     D:3: 929 daAuts
     D:5: 457 daAuts
